 Dungeon Crawl Stone Soup version 0.29-a0-398-ge13fd1374b (webtiles) character file.

Game seed: 16942500370629749733

24 nedac the Cutter (level 3, -2/22 HPs)
             Began as a Kobold Gladiator on May 12, 2022.
             Slain by a jackal (3 damage)
             ... on level 1 of the Dungeon.
             The game lasted 00:05:35 (456 turns).

nedac the Cutter (Kobold Gladiator)                  Turns: 456, Time: 00:05:36

Health: -2/22      AC:  4    Str: 11    XL:     3   Next: 15%
Magic:  3/3        EV: 15    Int:  9    God:
Gold:   15         SH:  0    Dex: 16    Spells: 2/2 levels left

rFire   . . .      SeeInvis .   a - +0 rapier
rCold   . . .      Faith    .   (no shield)
rNeg    . . .      Spirit   .   b - +0 leather armour
rPois   .          Reflect  .   c - +0 helmet
rElec   .          Harm     .   (no cloak)
rCorr   .          Rampage  .   (no gloves)
Will    .....                   (no boots)
Stlth   ++........              (no amulet)
HPRegen 0.07/turn               (no ring)
MPRegen 0.08/turn               (no ring)

@: no status effects
A: small, no large weapons, nightstalker 3, talons 1, clumsy 1, deterioration 1
a: no special abilities


You were on level 1 of the Dungeon.
You visited 1 branch of the dungeon, and saw 1 of its levels.

You collected 15 gold pieces.

Inventory:

Hand Weapons
 a - a +0 rapier (weapon)
 h - a +0 short sword
 l - a +0 dagger
 m - a +0 whip
 n - a +0 whip
 o - a +0 club
 p - a +0 short sword
 q - a +0 dagger
 s - a +0 dagger
 v - a +0 short sword
Missiles
 d - 3 throwing nets (quivered)
 e - 2 boomerangs
 i - 5 stones
 u - 2 javelins
Armour
 b - a +0 leather armour (worn)
 c - a +0 helmet (worn)
 k - a +0 ring mail
 r - a +0 leather armour


   Skills:
 * Level 2.5 Fighting
 * Level 4.6 Short Blades
 + Level 2.2 Throwing
 * Level 4.1 Dodging
 * Level 0.6 Stealth


You had 2 spell levels left.
You didn't know any spells.
Your spell library was empty.

Dungeon Overview and Level Annotations

Branches:
Dungeon (1/15)

Altars:


Innate Abilities, Weirdness & Mutations

You are small and have problems with some larger weapons.
You are completely attuned to the shadows.
You have sharp toenails.
You are clumsy. (Dex -2)
Your body sometimes deteriorates upon taking damage.


Message History

The jackal bites you.
* * * LOW HITPOINT WARNING * * *
The jackal barely misses you. The jackal misses you.
It was a potion of mutation.
You feel extremely strange.
You feel a strange attunement to the structure of the dungeons.
The jackal closely misses you. The jackal misses you.
You barely miss the jackal. The jackal completely misses you.
You feel extremely strange.
You feel slightly disoriented.
Your toenails lengthen and sharpen.
You feel clumsy.
You feel yourself wasting away. The jackal barely misses you.
The jackal misses you.
You closely miss the jackal. Your kick misses the jackal. The jackal bites you.
* * * LOW HITPOINT WARNING * * *
The jackal misses you. The jackal misses you. The jackal barely misses you. x2
The jackal attacks as you move away! The jackal closely misses you.
The jackal attacks as you move away!
The jackal bites you but does no damage.
The jackal misses you. The jackal attacks as you move away!
The jackal misses you. The jackal attacks as you move away!
The jackal completely misses you. The jackal attacks as you move away!
The jackal closely misses you. The jackal attacks as you move away!
The jackal bites you.
* * * LOW HITPOINT WARNING * * *
The jackal bites you.
* * * LOW HITPOINT WARNING * * *
The jackal bites you but does no damage.
You hit the jackal.
The jackal is almost dead.
The jackal barely misses you. The jackal closely misses you.
You closely miss the jackal. Your kick misses the jackal.
The jackal is severely wounded.
The jackal misses you.
The jackal bites you but does no damage. x2
The jackal bites you.
* * * LOW HITPOINT WARNING * * *
You hit the jackal.
You kill the jackal!
The jackal bites you.
You die...

####.######.#.#.######.#
#........................#
#.########.##.#.#.#.######
###.###### #.##.....#.#
.........###......#.#.#
*##...###...########.#.#
##.....####...## ###†#.######
#...<...#####..###..^.......#
* .........##
##@†##.....####.#
..........## ##h.#####.# #.#
......#......## ##..####.#
#.# .....###......##
##..#...# #.# ....#
##......## ##.###.# #.# ...#
##......## #..##.# #.# ..#*
##......####.##.####.# .##
##..................# ..##
##......####.#..######


You could see a jackal.

Vanquished Creatures
  2 dart slugs (D:1)
  A ball python (D:1)
  A giant cockroach (D:1)
  2 goblins (D:1)
  3 hobgoblins (D:1)
  3 jackals (D:1)
  3 kobolds (D:1)
  2 bats (D:1)
  A rat (D:1)
18 creatures vanquished.

Notes
Turn   | Place    | Note
-------+----------+-------------------------------------------
     0 | D:1      | nedac the Kobold Gladiator began the quest for the Orb.
     0 | D:1      | Reached XP level 1. HP: 12/12 MP: 1/1
    77 | D:1      | Reached XP level 2. HP: 16/18 MP: 2/2
   185 | D:1      | Found a faded altar of an unknown god.
   348 | D:1      | Reached XP level 3. HP: 22/22 MP: 3/3
   440 | D:1      | Gained mutation: You passively map a small area around you.
                  | [potion of mutation]
   443 | D:1      | Lost mutation: You passively map a small area around you.
                  | [potion of mutation]
   443 | D:1      | Gained mutation: You have sharp toenails. [potion of
                  | mutation]
   443 | D:1      | Gained mutation: You are clumsy. (Dex -2) [potion of
                  | mutation]
   443 | D:1      | Gained mutation: Your body sometimes deteriorates upon
                  | taking damage. [potion of mutation]
   455 | D:1      | HP: 1/22 [jackal (2)]
   456 | D:1      | Slain by a jackal

Illustrated notes

Levels and vault maps discovered:
D:1:      dpeg_arrival_central, layout_loops_ring,
          ebering_ecumenical_altar_mist, item_on_display_b

Skill      XL: |  1  2 |
---------------+-------+-----
Dodging        | 4 |  4.1
Fighting       | |  2.5
Short Blades   | |  4.6
Throwing       | |  2.2
Stealth        | |  0.6

Action                   || total
-------------------------++-------
Melee: Rapier            ||    53
  Use: Potion            ||     3
       Scroll            ||     2
 Stab: Sleeping          ||     5
       Distracted        ||     1
Armor: Leather armour    ||    15
Dodge: Dodged            ||    62

Table legend: (Time is in decaauts)
 A = Elapsed time spent in this place.
 B = Non-inter-level travel time spent in this place.
 C = Inter-level travel time spent in this place.
 D = Time resting spent in this place.
 E = Time spent auto-exploring this place.
 F = Levels seen in this place.
 G = Mean time per level.
                   A        B        C        D        E       F      G
               +--------+--------+--------+--------+--------+-----+--------+
         Total |    455 |    141 |    314 |      0 |      0 |   1 |  455.0 |
       Dungeon |    455 |    141 |    314 |      0 |      0 |   1 |  455.0 |
               +--------+--------+--------+--------+--------+-----+--------+

Top non-repeatable levels by time:
     D:1: 455 daAuts
